cohdb
Replays
Latest Replays
All Replays
Popular Replays
Top Player Replays
Match Explorer
How It Works
Community
CoH3 Stats
Reddit
Sign in to upload your games and track your stats! →
Sign in with Steam
Match 45966913
Unlisted
Match 45966913
Overview
Messages
Build Orders
End
Engineer Squad
Construct Weapon Support Center
M1919 Machine Gun Team
Bazooka Squad
M1919 Machine Gun Team
Selects Heavy Weapons
Bazooka Squad
Infantry Support Center
Selects Assault Carriers
M3 Assault Carrier
Construct Medical Station
Selects M2HB .50cal Heavy Machine Gun
Engineer Squad
M3 Assault Carrier
Selects Exchangeable Parts
M1919 Machine Gun Team
M3 Assault Carrier
ßoo
Tactical Nuclear Cow
Madlad
SlideHammer
0
0
Comments
sign in to comment!
No comments posted yet!